 Dungeon Crawl Stone Soup version 0.27.1-33-g824d729ab1 (webtiles) character file.

Game seed: 16171765162840594669

7285 Nixze the Thaumaturge (level 10, -2/83 HPs)
             Began as a Yellow Draconian Venom Mage on Dec 16, 2021.
             Was a Priest of the Shining One.
             Slain by a yak (13 damage)
             ... on level 9 of the Dungeon.
             The game lasted 00:46:48 (16779 turns).

Nixze the Thaumaturge (DrVM)                       Turns: 16779, Time: 00:46:49

Health: -2/83      AC:  9    Str: 11    XL:     10   Next: 89%
Magic:  2/31       EV: 28    Int: 18    God:    the Shining One [***...]
Gold:   879        SH:  0    Dex: 12    Spells: 12/25 levels left

rFire    . . .     SeeInvis .   U - +3 short sword (flame)
rCold    + . .     Faith    .   (no shield)
rNeg     + . .     Spirit   .   (armour unavailable)
rPois    +         Reflect  .   (helmet restricted)
rElec    .         Harm     .   D - +0 cloak
rCorr    +         Rampage  .   A - +0 pair of gloves
Will     +....                  (no boots)
Stlth    +.........             F - amulet of the acrobat
HPRegen  0.23/turn              d - ring of poison resistance
MPRegen  0.22/turn              Q - ring of Ataetu {rC+ Will+ MP+9}

@: acrobatic, glowing, studying Shields
A: spit acid, AC +7, unfitting armour, cold-blooded, acid resistance
a: Breathe Acid, Renounce Religion, Divine Shield


You were on level 9 of the Dungeon.
You worshipped the Shining One.
The Shining One was most pleased with you.
You visited 1 branch of the dungeon, and saw 10 of its levels.
You also visited: Sewer, Ossuary and Bailey.

You collected 879 gold pieces.

Inventory:

Hand Weapons
 a - a +0 dagger of venom
 b - a +0 hunting sling
 E - the +2 flail of Iratoet {antimagic, rC+ Dex+4 SInv}
   (You found it on level 5 of the Dungeon)

   It reduces the magical energy of the wielder, and disrupts the spells and
   magical abilities of those it strikes.
   Natural abilities and divine invocations are not affected.
   Dex:       It affects your dexterity (+4).
   rC:        It protects you from cold.
   SInv:      It lets you see invisible.
 U - a +3 short sword of flaming (weapon)
Missiles
 e - 267 stones
 g - 10 boomerangs (quivered)
 s - 79 sling bullets
 t - 2 throwing nets
 S - 15 poisoned darts
 V - 5 javelins
Armour
 A - a +0 pair of gloves (worn)
 D - a +0 cloak (worn)
Jewellery
 d - a ring of poison resistance (left hand)
 h - a ring of positive energy
 j - a ring of fire
 l - a +4 ring of slaying
 p - the ring of Impuwa Fiak {Will+ Dex+3}
   (You found it in a sewer)

   [ring of willpower]

   Dex:       It affects your dexterity (+3).
   Will:      It increases your willpower.
 F - an amulet of the acrobat (around neck)
 Q - the ring of Ataetu (right hand) {rC+ Will+ MP+9}
   (You found it on level 8 of the Dungeon)

   [ring of magical power]

   rC:        It protects you from cold.
   MP:        It affects your magic capacity (+9).
   Will:      It increases your willpower.
 W - a ring of ice
 X - a ring of protection from cold
Wands
 o - a wand of charming (15)
 q - a wand of acid (3)
 v - a wand of digging (11)
 w - a wand of flame (38)
 R - a wand of paralysis (8)
 Y - a wand of polymorph (7)
Scrolls
 c - 5 scrolls of teleportation
 m - 4 scrolls of brand weapon
 n - 4 scrolls of amnesia
 u - 3 scrolls of fear
 y - a scroll of blinking
 z - a scroll of enchant armour
 C - a scroll of summoning
 I - 3 scrolls of identify
 K - 3 scrolls of enchant weapon
 N - a scroll of fog {unknown}
 O - 4 scrolls of noise
Potions
 f - 4 potions of mutation
 i - 5 potions of heal wounds {unknown}
 k - 5 potions of curing
 r - a potion of lignification {unknown}
 x - a potion of ambrosia {unknown}
 B - 4 potions of haste {unknown}
 G - a potion of flight {unknown}
 H - 12 potions of degeneration
 J - 2 potions of brilliance {unknown}
 L - 2 potions of magic {unknown}
 M - a potion of resistance {unknown}
 P - a potion of might {unknown}
 T - a potion of cancellation {unknown}


   Skills:
 - Level 6.0 Fighting
 + Level 3.7 Throwing
 - Level 4.0 Dodging
 - Level 3.0 Stealth
 - Level 8.0 Spellcasting
 - Level 4.0 Conjurations
 + Level 3.3 Translocations
 - Level 4.0 Transmutations
 - Level 5.0 Air Magic
 - Level 6.0 Poison Magic
 - Level 5.0 Invocations
 - Level 4.0 Evocations


You had 12 spell levels left.
You knew the following spells:

 Your Spells              Type           Power      Damage    Failure   Level
a - Sting                 Tmut/Pois      100%       1d8       1%          1
b - Poisonous Vapours     Pois/Air       54%        N/A       1%          2
c - Mephitic Cloud        Conj/Pois/Air  25%        N/A       3%          3
d - Olgreb's Toxic Radia  Pois           28%        N/A       9%          4
e - Gell's Gravitas       Tloc           9%         N/A       8%          3

Your spell library contained the following spells:

 Spells                   Type           Power      Damage    Failure   Level
 Lesser Beckoning         Tloc           9%         N/A       8%          3
 Teleport Other           Tloc           19%        N/A       8%          3
 Corona                   Hex            7%         N/A       10%         1
 Stone Arrow              Conj/Erth      28%        3d8       13%         3
 Ensorcelled Hibernation  Hex/Ice        14%        N/A       14%         2
 Tukima's Dance           Hex            7%         N/A       28%         3
 Bolt of Magma            Conj/Fire/Erth 5%         4d5       85%         5
 Dispersal                Tloc           9%         N/A       98%         6
 Shatter                  Erth           3%         3d7*      100%        9


Dungeon Overview and Level Annotations

Branches:
Dungeon (10/15)            Temple (0/1) D:7            Lair (0/6) D:8
  Sewer (visited)         Ossuary (visited)          Bailey (visited)
    Orc: D:9-12

Altars:
Elyvilon
Fedhas
Kikubaaqudgha
Makhleb
Qazlal
Sif Muna
Trog
Uskayaw
Xom
Yredelemnul
The Shining One

Annotations:
D:8 1 runed translucent door, ghwc's ghost, novice VSFi


Innate Abilities, Weirdness & Mutations

You can spit globs of acid.
Your golden yellow scales are hard. (AC +7)
You cannot fit into any form of body armour.
You are cold-blooded and may be slowed by cold attacks.
You are resistant to acid. (rCorr)


Message History

You hit the yak. You burn the yak.
The yak is severely wounded.
The yak misses you.
A yak comes into view.
You hit the yak. You burn the yak.
The yak is almost dead.
You kill the yak!
Found a potion of curing, a bubbling cyan potion and 16 gold pieces.
Things that are here:
a fuming brown potion; a yak corpse
There is a stone staircase leading up, spattered with blood here.
Casting: Sting (safe; 1% risk of failure)
Confirm with . or Enter, or press ? or * to list all spells.
You begin to radiate toxic energy.
The yak is poisoned. x3
The yak looks even sicker. x2; The yak closely misses you.
Casting: Olgreb's Toxic Radiance (dangerous; 9% risk of failure)
Confirm with . or Enter, or press ? or * to list all spells.
Your toxic radiance grows in intensity.
The yak looks even sicker.
The yak gores you!
You hit the yak. You burn the yak.
The yak is moderately wounded.
The yak looks even sicker.
The yak gores you.
You hit the yak. You burn the yak.
You tail-slap the yak, but do no damage.
The yak is severely wounded.
The yak looks even sicker.
The yak looks as sick as possible!
The yak looks even sicker.
Your toxic aura wanes.
The yak gores you! The yak gores you.
You hit the yak. You burn the yak.
The yak is heavily wounded.
The yak misses you. The yak gores you!
* * * LOW HITPOINT WARNING * * *
The yak gores you but does no damage. The yak gores you!
* * * LOW HITPOINT WARNING * * *
The yak closely misses you.
You climb upwards.
There is a stone staircase leading down here.
The yak gores you!
You die...

#..# #..# #.
######..# #..# #.
#.......# #..# #.
#.......# #..# #.
#.......# #..# #.
#.......####..# #.
#.............####.
#..................
#.@...........<....
#YY...........#####
#.Y...........#
#.............#
#.............#####
######.............
#.............
#........#####
#........#


You could see 3 yaks.

Vanquished Creatures
  Maurice (D:9)
  A komodo dragon (D:8)
  2 yaks
  Sigmund (D:3)
  A wraith (D:9)
  A steam dragon (D:7)
  Edmund (D:4)
  Menkaure (D:5)
  An acid dragon (D:9)
  2 water moccasins
  A sky beast (D:8)
  A black bear (D:5)
  13 orc warriors
  An ice beast (D:4)
  2 necrophages
  A hornet zombie (D:6)
  4 ogres
  10 centaurs
  A kobold brigand (D:9)
  4 bullfrogs
  Blork the orc (D:5)
  A wyvern zombie (D:8)
  3 scorpions
  A killer bee (D:8)
  5 wights (D:6)
  A howler monkey (D:8)
  3 electric eels
  2 hounds
  3 centaur zombies (Ossuary)
  2 jellies (D:4)
  A gnoll shaman (D:7)
  5 orc priests
  Terence (D:3)
  5 iguanas
  Ijyb (D:3)
  8 orc wizards
  Natasha (thrice) (D:3)
  A killer bee zombie (D:7)
  5 mummies
  Robin (D:3)
  A howler monkey zombie (D:7)
  17 gnolls
  20 adders
  2 white imps
  An ufetubus (D:3)
  A worm (D:2)
  2 dart slugs (D:4)
  43 orcs
  12 ball pythons
  7 endoplasms
  7 giant cockroaches
  19 goblins
  14 hobgoblins
  5 jackals
  3 quokkas
  3 bats (D:1)
  10 frilled lizards
  4 goblin zombies
  A hobgoblin zombie (Ossuary)
  12 kobolds
  A kobold zombie (Ossuary)
  An orc zombie (D:8)
  6 rats
295 creatures vanquished.

Vanquished Creatures (others)
  6 plants
  3 withered plants (D:6)
9 creatures vanquished.

Grand Total: 304 creatures vanquished

Notes
Turn   | Place    | Note
-------+----------+-------------------------------------------
     0 | D:1      | Nixze the Draconian Venom Mage began the quest for the Orb.
     0 | D:1      | Reached XP level 1. HP: 14/14 MP: 3/3
    21 | D:1      | Reached XP level 2. HP: 15/20 MP: 0/5
   487 | D:1      | Reached XP level 3. HP: 17/26 MP: 1/6
   783 | D:1      | Found a faded altar of an unknown god.
   932 | D:1      | Learned a level 2 spell: Poisonous Vapours
   936 | D:1      | Learned a level 3 spell: Mephitic Cloud
  1310 | D:1      | Reached skill level 3 in Spellcasting
  1379 | D:2      | Reached skill level 1 in Fighting
  1530 | D:2      | Reached XP level 4. HP: 35/35 MP: 0/8
  2416 | D:2      | Reached XP level 5. HP: 38/41 MP: 1/9
  2523 | D:3      | Noticed Ijyb
  2592 | D:3      | Found a transporter.
  2596 | D:3      | Found a glowing drain.
  2635 | D:3      | Noticed Robin
  2660 | Sewer    | Entered a sewer
  3479 | Sewer    | Reached skill level 1 in Conjurations
  3479 | Sewer    | Reached skill level 1 in Air Magic
  3479 | Sewer    | Reached XP level 6. HP: 21/48 MP: 0/10
  3664 | Sewer    | Identified the ring of Impuwa Fiak {Will+ Dex+3}
  3878 | Sewer    | Learned a level 4 spell: Olgreb's Toxic Radiance
  3960 | D:3      | Killed Ijyb
  4209 | D:3      | Killed Robin
  4462 | D:3      | Found a transporter.
  4908 | D:3      | Noticed Natasha
  4916 | D:3      | Killed Natasha
  5211 | D:3      | Your scales start taking on a golden yellow colour.
  5211 | D:3      | Reached XP level 7. HP: 55/55 MP: 8/11
  5211 | D:3      | Gained mutation: You are resistant to acid. (rCorr) [Yellow
                  | Draconian growth]
  5343 | D:3      | Noticed Sigmund
  5359 | D:3      | Killed Sigmund
  5536 | D:3      | Noticed Terence
  5546 | D:3      | Killed Terence
  5547 | D:3      | Reached skill level 1 in Evocations
  5780 | D:3      | Noticed Natasha
  5879 | D:3      | Killed Natasha
  6002 | D:3      | Found a transporter.
  6246 | D:3      | Noticed Natasha
  6254 | D:3      | Killed Natasha
  6919 | D:4      | Reached skill level 4 in Spellcasting
  7391 | D:4      | Reached XP level 8. HP: 61/61 MP: 9/14
  7685 | D:4      | Reached skill level 5 in Spellcasting
  7777 | D:4      | Reached skill level 5 in Poison Magic
  8284 | D:4      | Noticed Edmund
  8298 | D:4      | Killed Edmund
  8907 | D:5      | Entered Level 5 of the Dungeon
  8922 | D:5      | Noticed Menkaure
  8929 | D:5      | Killed Menkaure
  9190 | D:5      | Reached skill level 5 in Air Magic
  9190 | D:5      | Reached XP level 9. HP: 48/71 MP: 12/16
  9302 | D:5      | Found a hide-covered altar of Uskayaw.
  9438 | D:5      | Identified the +2 flail of Iratoet {antimagic, rC+ Dex+4
                  | SInv}
  9604 | D:5      | Found a burning altar of Makhleb.
  9608 | D:5      | Found a stormy altar of Qazlal.
  9609 | D:5      | Found a glowing golden altar of the Shining One.
  9610 | D:5      | Found a bloodstained altar of Trog.
  9725 | D:5      | Noticed Blork the orc
  9782 | D:5      | Became a worshipper of the Shining One
  9847 | D:5      | Killed Blork the orc
  9943 | D:5      | Found a shimmering blue altar of Sif Muna.
 10243 | D:6      | Found an ancient bone altar of Kikubaaqudgha.
 10247 | D:6      | Found a blossoming altar of Fedhas.
 10348 | D:6      | Found a white marble altar of Elyvilon.
 10527 | D:6      | Reached skill level 6 in Spellcasting
 10593 | D:6      | Found a basalt altar of Yredelemnul.
 11147 | D:7      | Reached skill level 1 in Invocations
 11282 | D:7      | Reached * piety under the Shining One
 11802 | D:7      | Reached skill level 5 in Fighting
 11878 | D:7      | Found a staircase to the Ecumenical Temple.
 12505 | D:8      | Identified a scroll of acquirement
 12510 | D:8      | Acquired 257 gold pieces
 12636 | D:8      | Found a sand-covered staircase.
 12653 | Ossuary  | Entered an ossuary
 12794 | Ossuary  | Reached ** piety under the Shining One
 12977 | Ossuary  | Reached skill level 5 in Invocations
 13126 | D:8      | Found a flagged portal.
 13136 | Bailey   | Entered a bailey
 13468 | Bailey   | Reached XP level 10. HP: 71/83 MP: 10/19
 14027 | Bailey   | Reached skill level 7 in Spellcasting
 15089 | D:8      | Identified the ring of Ataetu {rC+ Will+ MP+9}
 15587 | D:8      | Found a runed translucent door.
 15589 | D:8      | Found a shimmering altar of Xom.
 15589 | D:8      | Noticed a +1 falchion of chaos
 15589 | D:8      | Noticed ghwc's ghost (novice VSFi)
 15589 | D:8      | Reached *** piety under the Shining One
 15773 | D:8      | Found a staircase to the Lair.
 15799 | D:8      | Reached skill level 8 in Spellcasting
 15799 | D:8      | Reached skill level 1 in Throwing
 15893 | D:9      | Learned a level 3 spell: Gell's Gravitas
 16132 | D:9      | Reached skill level 1 in Translocations
 16274 | D:9      | Noticed Maurice
 16316 | D:9      | Killed Maurice
 16751 | D:10     | Entered Level 10 of the Dungeon
 16779 | D:9      | Slain by a yak

Illustrated notes

Levels and vault maps discovered:
D:1:      minmay_arrival_arboretum_small, layout_rooms,
          shapermc_ecumenical_altar_mp_highgroup, minmay_small_reverse_x
D:2:      layout_basic, minmay_heptomino_o4
D:3:      gammafunk_steamed_eel, layout_rooms, gup_sewer_entry_glass,
          minivault_11, minmay_cut_off, uniq_ijyb, uniq_natasha, uniq_terence,
          uniq_robin, uniq_sigmund
D:4:      minmay_chambers_of_threes, layout_layer_cave,
          wad_floor_pattern_untrapped, uniq_edmund
D:5:      layout_cave_pools, tgw_sif, nicolae_overflow_hidden_temple,
          mainiacjoe_overflow_alcove_3, uniq_menkaure
D:6:      layout_loops_cross, grunt_temple_overflow_growth_and_decay,
          elyvilon_altar_5, mainiacjoe_overflow_concentric_impassable,
          uniq_crazy_yiuf_cottage
D:7:      layout_loops_ring, minmay_temple_entry_glassed_door,
          amcnicky_mini_corridor_feature, fountainhead
D:8:      layout_loops_ring, david_lair_shrubbed, ebering_ghost_xom,
          nicolae_ossuary_entry_giza, enter_bailey_5, fountainhead,
          minmay_chambers_of_fives
D:9:      layout_small_grid, uniq_maurice
D:10:     layout_rooms, nemelex_altar_shiori

Skill      XL: |  1  2  3  4  5  6  7  8  9 10 |
---------------+-------------------------------+-----
Poison Magic   | 4 6 |  6.0
Spellcasting   | 3 4 5 6 8 |  8.0
Fighting       | 1 2 3 6 |  6.0
Stealth        | 3 |  3.0
Dodging        | 2 3 4 |  4.0
Transmutations | 3 4 |  4.0
Conjurations   | 1 2 3 4 |  4.0
Air Magic      | 1 2 4 5 |  5.0
Evocations     | 3 4 |  4.0
Invocations    | 5 |  5.0
Throwing       | 3 |  3.7
Translocations | 3 |  3.3

Action                   |  1- 3 |  4- 6 |  7- 9 | 10-12 || total
-------------------------+-------+-------+-------+-------++-------
Melee: Unarmed           |    10 |       |       |       ||    10
       Dagger            |    14 |    49 |    86 |    36 ||   185
       Tailslap          |     1 |     4 |    15 |    11 ||    31
       Flail             |       |       |     5 |       ||     5
       Short sword       |       |       |       |    40 ||    40
 Fire: Hunting sling     |    61 |    65 |   140 |     7 ||   273
Throw: Stone             |     4 |     8 |       |       ||    12
       Boomerang         |       |    10 |    59 |    33 ||   102
 Cast: Sting             |    42 |    21 |    44 |    25 ||   132
       Poisonous Vapours |    13 |    66 |   122 |    46 ||   247
       Mephitic Cloud    |       |     3 |    17 |     7 ||    27
       Olgreb's Toxic Ra |       |     2 |    19 |    23 ||    44
       Gell's Gravitas   |       |       |       |     2 ||     2
 Abil: Breathe Acid      |       |       |    28 |    11 ||    39
Evoke: Wand              |       |       |     4 |       ||     4
  Use: Scroll            |       |     5 |     7 |       ||    12
       Potion            |       |       |       |     1 ||     1
Armor: Skin              |    30 |    38 |    76 |    39 ||   183
Dodge: Dodged            |    52 |   101 |   146 |   103 ||   402
